 Dungeon Crawl Stone Soup version 0.28-a0-653-g7e9dba17c3 (webtiles) character file.

Game seed: 13576838934618812041

163 lawman0 the Covert (level 5, -1/47 HPs)
             Began as a Gnoll Delver on Oct 11, 2021.
             Was an Initiate of Fedhas.
             Slain by a centaur (3 damage)
             ... on level 4 of the Dungeon.
             The game lasted 00:05:32 (2199 turns).

lawman0 the Covert (Gnoll Delver)                   Turns: 2199, Time: 00:05:33

Health: -1/47      AC:  4    Str: 11    XL:     5   Next: 44%
Magic:  7/7        EV: 13    Int: 11    God:    Fedhas [......]
Gold:   30         SH:  0    Dex: 13    Spells: 7/7 levels left

rFire   . . .      SeeInvis .   a - +0 mace
rCold   . . .      Faith    .   (no shield)
rNeg    . . .      Spirit   .   k - +0 leather armour
rPois   .          Reflect  .   (no helmet)
rElec   .          Harm     .   (no cloak)
rCorr   .          Rampage  .   (no gloves)
Will    .....                   h - +0 pair of boots
Stlth   ++++......              (no amulet)
HPRegen 0.15/turn               (no ring)
MPRegen 0.10/turn               (no ring)

@: hasted, very quick
A: fangs 1, strong nose, distributed training
a: Renounce Religion


You were on level 4 of the Dungeon.
You worshipped Fedhas.
Fedhas was noncommittal.
You visited 2 branches of the dungeon, and saw 3 of its levels.
You also visited: Ossuary.

You collected 75 gold pieces.
You spent 45 gold pieces at shops.

Inventory:

Hand Weapons
 a - a +0 mace (weapon)
 b - a +0 hunting sling of freezing
Missiles
 i - 8 boomerangs (quivered)
 j - 55 stones
 q - 10 sling bullets
Armour
 h - a +0 pair of boots (worn)
 k - a +0 leather armour (worn)
Wands
 d - a wand of polymorph (9)
 g - a wand of digging (3)
Scrolls
 c - 2 scrolls of fog
 e - 2 scrolls of fear
 l - a scroll of acquirement {unknown}
 m - 2 scrolls of vulnerability
 n - a scroll of enchant weapon {unknown}
 o - a scroll of blinking
 p - 2 scrolls of teleportation {unknown}
 r - a scroll of brand weapon


   Skills:
 + Level 6.7 Fighting
 + Level 1.5 Short Blades
 + Level 1.5 Long Blades
 + Level 1.5 Axes
 + Level 4.8 Maces & Flails
 + Level 1.5 Polearms
 + Level 1.5 Staves
 + Level 1.5 Slings
 + Level 1.5 Bows
 + Level 1.5 Crossbows
 + Level 1.5 Throwing
 + Level 1.5 Armour
 + Level 4.8 Dodging
 + Level 9.7 Stealth
 + Level 1.5 Shields
 + Level 1.5 Unarmed Combat
 + Level 1.5 Spellcasting
 + Level 1.2 Conjurations
 + Level 1.2 Hexes
 + Level 1.2 Summonings
 + Level 1.2 Necromancy
 + Level 1.2 Translocations
 + Level 1.2 Transmutations
 + Level 1.2 Fire Magic
 + Level 1.2 Ice Magic
 + Level 1.2 Air Magic
 + Level 1.2 Earth Magic
 + Level 1.2 Poison Magic
 + Level 1.7 Invocations
 + Level 1.5 Evocations


You had 7 spell levels left.
You didn't know any spells.
Your spell library contained the following spells:

 Spells                   Type           Power      Damage    Failure   Level
 Slow                     Hex            3%         N/A       36%         2
 Confusing Touch          Hex            3%         N/A       58%         3
 Yara's Violent Unravell  Hex/Tmut       1%         3d3       100%        5


Dungeon Overview and Level Annotations

Branches:
Dungeon (5/15)             Temple (1/1) D:4         Ossuary (visited)

Altars:
Ashenzari
Cheibriados
Dithmenos
Fedhas
Gozag
Hepliaklqana
Kikubaaqudgha
Makhleb
Nemelex Xobeh
Okawaru
Qazlal
Ru
Sif Muna
Trog
Vehumet
Wu Jian
Xom
Yredelemnul
The Shining One

Shops:
D:4 [


Innate Abilities, Weirdness & Mutations

You have very sharp teeth.
Your uncanny sense of smell can sniff out nearby items.
Your experience applies equally to all skills.


Message History

The centaur kicks you. The centaur hits you.
* * * LOW HITPOINT WARNING * * *
The centaur kicks you but does no damage.
You are too injured to fight recklessly!
You hit the centaur.
The centaur is moderately wounded.
The centaur barely misses you. The centaur closely misses you.
You feel yourself speed up.
The centaur hits you but does no damage.
The centaur kicks you.
* * * LOW HITPOINT WARNING * * *
The centaur hits you.
* * * LOW HITPOINT WARNING * * *
The centaur barely misses you.
You hit the centaur but do no damage.
The centaur is moderately wounded.
The centaur hits you but does no damage.
The centaur barely misses you.
You barely miss the centaur.
The centaur is moderately wounded.
The centaur hits you but does no damage.
The centaur kicks you.
* * * LOW HITPOINT WARNING * * *
Unknown command.
You hit the centaur but do no damage. You bite the centaur, but do no damage.
The centaur is moderately wounded.
The centaur misses you. The centaur closely misses you.
Unknown command.
You hit the centaur.
The centaur is moderately wounded.
The centaur hits you.
* * * LOW HITPOINT WARNING * * *
The centaur kicks you but does no damage.
You barely miss the centaur.
The centaur is moderately wounded.
The centaur hits you.
* * * LOW HITPOINT WARNING * * *
The centaur kicks you.
You die...
Fedhas appreciates your contribution to the ecosystem.

#....#..)...#
#....#.
#####..#.####
#....#.
#.##.########
###.##.
#...[.......#
#.###
#...........#
#.##.
#...........#
#[##.
#...........#
#....
#.##'########
####. #.##@#
#. #.##c# ∆
#. #g# #. #(#
#. #.(.(....
#. ∆
.####...( ##.
.. .. #..
∆... #.. ....
#..


You could see a centaur and a hobgoblin.

Vanquished Creatures
  A jelly (D:4)
  A centaur skeleton (D:4)
  An orc wizard (D:4)
  A mummy (Ossuary)
  3 orcs (D:4)
  4 spectral bats (Ossuary)
  4 ball pythons (D:4)
  An endoplasm (D:4)
  A giant cockroach (D:4)
  A goblin (D:4)
  A hobgoblin (D:4)
  A jackal (D:5)
  2 kobolds (D:4)
  A quokka (D:4)
  2 bat simulacra (Ossuary)
  12 gnoll zombies (Ossuary)
  2 goblin simulacra (Ossuary)
  4 goblin zombies (Ossuary)
  6 hobgoblin zombies (Ossuary)
  A jackal zombie (D:4)
  3 kobold zombies (Ossuary)
  5 orc zombies (Ossuary)
  A quokka skeleton (D:4)
  3 rat simulacra (Ossuary)
  5 spectral goblins (Ossuary)
  3 spectral kobolds (Ossuary)
  3 spectral rats (Ossuary)
73 creatures vanquished.

Notes
Turn   | Place    | Note
-------+----------+-------------------------------------------
     0 | D:5      | Reached skill level 9 in Stealth
     0 | D:5      | lawman0 the Gnoll Delver began the quest for the Orb.
     0 | D:5      | Reached XP level 1. HP: 23/23 MP: 1/1
   140 | D:4      | Reached XP level 2. HP: 28/29 MP: 2/2
   143 | D:4      | Found a sand-covered staircase.
   223 | Ossuary  | Entered an ossuary
   520 | Ossuary  | Reached XP level 3. HP: 35/35 MP: 3/3
   702 | Ossuary  | Reached skill level 1 in Invocations
  1042 | Ossuary  | Reached skill level 1 in Short Blades
  1042 | Ossuary  | Reached skill level 1 in Long Blades
  1042 | Ossuary  | Reached skill level 1 in Axes
  1042 | Ossuary  | Reached skill level 1 in Polearms
  1042 | Ossuary  | Reached skill level 1 in Staves
  1042 | Ossuary  | Reached skill level 1 in Slings
  1042 | Ossuary  | Reached skill level 1 in Bows
  1042 | Ossuary  | Reached skill level 1 in Crossbows
  1042 | Ossuary  | Reached skill level 1 in Throwing
  1042 | Ossuary  | Reached skill level 1 in Armour
  1042 | Ossuary  | Reached skill level 1 in Shields
  1042 | Ossuary  | Reached skill level 1 in Unarmed Combat
  1042 | Ossuary  | Reached skill level 1 in Spellcasting
  1042 | Ossuary  | Reached skill level 1 in Evocations
  1120 | Ossuary  | Reached XP level 4. HP: 41/41 MP: 5/5
  1293 | D:4      | Reached skill level 1 in Conjurations
  1293 | D:4      | Reached skill level 1 in Hexes
  1293 | D:4      | Reached skill level 1 in Summonings
  1293 | D:4      | Reached skill level 1 in Necromancy
  1293 | D:4      | Reached skill level 1 in Translocations
  1293 | D:4      | Reached skill level 1 in Transmutations
  1293 | D:4      | Reached skill level 1 in Fire Magic
  1293 | D:4      | Reached skill level 1 in Ice Magic
  1293 | D:4      | Reached skill level 1 in Air Magic
  1293 | D:4      | Reached skill level 1 in Earth Magic
  1293 | D:4      | Reached skill level 1 in Poison Magic
  1501 | D:4      | Found a staircase to the Ecumenical Temple.
  1513 | Temple   | Entered the Ecumenical Temple
  1621 | D:4      | Found Numoniope's Armour Emporium.
  1658 | D:4      | Bought a +0 pair of boots for 45 gold pieces
  1951 | D:4      | Found a shadowy altar of Dithmenos.
  1954 | D:4      | Found an iron altar of Okawaru.
  1954 | D:4      | Found a blossoming altar of Fedhas.
  1956 | D:4      | Found a burning altar of Makhleb.
  1957 | D:4      | Found a snail-covered altar of Cheibriados.
  1962 | D:4      | Became a worshipper of Fedhas Madash
  2025 | D:4      | Reached XP level 5. HP: 47/47 MP: 5/7
  2186 | D:4      | Noticed a centaur
  2186 | D:4      | a scorpion changed into a centaur
  2198 | D:4      | HP: 2/47 [centaur (3)]
  2199 | D:4      | Slain by a centaur

Illustrated notes

Levels and vault maps discovered:
D:4:      layout_basic, grunt_temple_overflow_open,
          minmay_temple_entry_offerings, serial_shops, nicolae_shop_stone,
          enter_ossuary_3
D:5:      layout_gridville
Temple:   zaba_magenta_temple

Skill      XL: |  1  2  3  4 |
---------------+-------------+-----
Stealth        | |  9.7
Invocations    | 1 |  1.7
Short Blades   | 1 |  1.5
Long Blades    | 1 |  1.5
Axes           | 1 |  1.5
Polearms       | 1 |  1.5
Staves         | 1 |  1.5
Slings         | 1 |  1.5
Bows           | 1 |  1.5
Crossbows      | 1 |  1.5
Throwing       | 1 |  1.5
Armour         | 1 |  1.5
Shields        | 1 |  1.5
Unarmed Combat | 1 |  1.5
Spellcasting   | 1 |  1.5
Evocations     | 1 |  1.5
Conjurations   | 1 |  1.2
Hexes          | 1 |  1.2
Summonings     | 1 |  1.2
Necromancy     | 1 |  1.2
Translocations | 1 |  1.2
Transmutations | 1 |  1.2
Fire Magic     | 1 |  1.2
Ice Magic      | 1 |  1.2
Air Magic      | 1 |  1.2
Earth Magic    | 1 |  1.2
Poison Magic   | 1 |  1.2
Fighting       | |  6.7
Maces & Flails | |  4.8
Dodging        | |  4.8

Action                   |  1- 3 |  4- 6 || total
-------------------------+-------+-------++-------
Melee: Mace              |    99 |    97 ||   196
       Bite              |    16 |    11 ||    27
       Hunting sling     |       |     1 ||     1
       Punch             |       |     1 ||     1
 Fire: Hunting sling     |    85 |    31 ||   116
Throw: Boomerang         |     2 |       ||     2
Evoke: Wand              |       |     1 ||     1
  Use: Scroll            |     1 |     3 ||     4
       Potion            |       |     3 ||     3
 Stab: Sleeping          |     3 |       ||     3
       Distracted        |     3 |       ||     3
Armor: Leather armour    |    26 |    38 ||    64
       Skin              |       |    19 ||    19
Dodge: Dodged            |    76 |    87 ||   163

Table legend: (Time is in decaauts)
 A = Elapsed time spent in this place.
 B = Non-inter-level travel time spent in this place.
 C = Inter-level travel time spent in this place.
 D = Time resting spent in this place.
 E = Time spent auto-exploring this place.
 F = Levels seen in this place.
 G = Mean time per level.
                   A        B        C        D        E       F      G
               +--------+--------+--------+--------+--------+-----+--------+
         Total |   2235 |   2235 |      0 |    542 |    744 |   4 |  558.8 |
       Dungeon |   1108 |   1108 |      0 |    333 |    355 |   2 |  554.0 |
        Temple |    105 |    105 |      0 |      0 |      0 |   1 |  105.0 |
       Ossuary |   1021 |   1021 |      0 |    209 |    389 |   1 | 1021.0 |
               +--------+--------+--------+--------+--------+-----+--------+

Top non-repeatable levels by time:
     D:4: 1038 daAuts
 Ossuary: 1021 daAuts
  Temple: 105 daAuts
     D:5: 69 daAuts
